Map: Catalyst LE

Players

Neeb - Winner!

  • Race: Protoss Protoss
  • Spawn Location: 11:00

SortOf

  • Race: Zerg Zerg
  • Spawn Location: 5:00

Event: IEM Season 12 - Katowice

VOD

Have the link to the VOD?

Description

Time

  • Played on: Feb. 27, 2018, 10:35 a.m.
  • Length: 7:59

All games in this series

Show
View Real Time Build Order
Export as new Build Order

Neeb Protoss - Winner!

Build Orders: 1 Gate Expand, Oracle Opening, Phoenix Opening, Zealot Archon 

Get SALT Encoding   

  12  0:00  Probe  
  13  0:12  Probe  
  14  0:18  Pylon  
  14  0:24  Probe  
  15  0:34  Assimilator  
  15  0:36  Probe (Chrono Boost)  
  16  0:44  Gateway  
  16  0:49  Probe (Chrono Boost)  
  17  0:54  Probe (Chrono Boost)  
  18  1:03  Probe  
  19  1:15  Probe  
  20  1:24  Nexus  
  20  1:34  Cybernetics Core  
  20  1:37  Probe  
  21  1:43  Assimilator  
  21  1:49  Probe  
  21  1:52  Pylon  
  22  2:01  Probe  
  23  2:09  Adept (Chrono Boost)  
  23  2:13  Probe  
  26  2:20  Stargate  
  26  2:25  Probe  
  26  2:27  Adept (Chrono Boost)  
  29  2:36  Probe  
  30  2:37  Probe  
  31  2:45  Adept (Chrono Boost)  
  31  2:48  Probe  
  31  2:50  Probe  
  35  3:00  Probe  
  35  3:02  Probe  
  35  3:05  Oracle (Chrono Boost)  
  37  3:12  Probe  
  41  3:14  Probe, Adept, Pylon  
  44  3:20  Gateway  
  44  3:24  Probe  
  45  3:29  Shield Battery  
  43  3:36  Shield Battery  
  43  3:37  Shield Battery  
  43  3:42  Phoenix  
  43  3:45  Probe  
  46  3:49  Adept (Chrono Boost)  
  46  3:50  Probe  
  49  3:59  Gateway  
  50  4:06  Pylon  
  50  4:09  Pylon, Oracle  
  52  4:13  Pylon  
  52  4:15  Adept (Chrono Boost)  
  54  4:24  Probe x2  
  54  4:25  Cybernetics Core  
  56  4:36  Probe x2  
  58  4:39  Gateway  
  58  4:41  Gateway  
  58  4:48  Probe x2  
  58  4:52  Assimilator  
  60  4:54  Assimilator  
  60  4:57  Pylon  
  60  4:58  Warp Gate (Chrono Boost)  
  60  5:00  Probe  
  60  5:01  Robotics Facility  
  60  5:03  Probe  
  62  5:12  Probe  
  63  5:14  Pylon, Oracle  
  63  5:15  Probe  
  63  5:20  Pylon  
  67  5:24  Probe  
  67  5:28  Probe  
  69  5:33  Twilight Council  
  69  5:41  Forge  
  69  5:48  Gateway x2  
  69  5:49  Gateway  
  69  5:50  Gateway  
  69  5:56  Warp Prism  
  71  6:11  Protoss Ground Weapons Level 1 (Chrono Boost)  
  71  6:14  Charge  
  71  6:18  Templar Archives  
  71  6:22  Pylon  
  71  6:29  Pylon  
  71  6:34  Probe  
  71  6:35  Probe  
  73  6:46  Probe  
  74  6:47  Zealot x4  
  74  6:49  Pylon  
  82  6:56  High Templar x4  
  82  6:59  Nexus  
  82  7:00  Nexus  
  82  7:01  Archon x2  
  90  7:03  Pylon  
  90  7:05  Probe x2  
  92  7:11  Zealot x3  
  98  7:15  Pylon  
  98  7:17  Probe  
  98  7:19  Probe  
  91  7:38  Zealot x7  
  91  7:42  Probe x2  
  102  7:54  Zealot  
Show
View Real Time Build Order
Export as new Build Order

SortOf Zerg 

Build Orders: Hatch First 

Get SALT Encoding   

  12  0:00  Drone  
  13  0:12  Overlord  
  13  0:16  Drone  
  14  0:30  Drone  
  14  0:31  Drone  
  16  0:49  Hatchery  
  15  0:51  Drone  
  15  0:54  Drone  
  17  0:58  Drone  
  18  1:05  Extractor  
  17  1:14  Spawning Pool  
  17  1:17  Drone  
  17  1:20  Drone  
  18  1:28  Drone  
  19  1:40  Drone  
  20  2:01  Queen x2, Zergling x6  
  23  2:07  Metabolic Boost  
  27  2:12  Overlord  
  27  2:15  Zergling x2  
  28  2:33  Hatchery  
  28  2:35  Zergling x2  
  28  2:38  Zergling x2  
  28  2:42  Zergling x2  
  30  2:48  Evolution Chamber  
  29  2:53  Zergling x2  
  30  2:59  Zergling x4  
  30  3:04  Overlord  
  32  3:07  Zergling x2  
  33  3:18  Zergling x6  
  36  3:23  Zergling x4  
  37  3:31  Zergling x6  
  39  3:34  Zergling x2  
  39  3:39  Zergling x2  
  39  3:47  Zergling x4  
  40  3:55  Zergling x4  
  40  3:56  Zergling x2  
  40  3:59  Zergling x2  
  40  4:01  Zergling x2  
  43  4:08  Zergling x2  
  43  4:09  Zergling x2  
  43  4:10  Drone  
  43  4:16  Overlord  
  43  4:18  Drone  
  43  4:22  Drone  
  45  4:25  Drone  
  45  4:28  Drone  
  42  4:38  Drone  
  42  4:39  Drone  
  42  4:40  Drone x2  
  42  4:42  Drone  
  42  4:48  Drone x2  
  44  4:54  Drone x3  
  47  5:00  Spore Crawler  
  47  5:02  Spore Crawler  
  45  5:07  Overlord  
  45  5:10  Zerg Melee Weapons Level 1  
  45  5:12  Drone  
  46  5:18  Queen  
  48  5:22  Spore Crawler  
  48  5:27  Drone  
  48  5:28  Drone x2  
  47  5:30  Drone  
  47  5:33  Drone  
  49  5:36  Drone x2  
  49  5:40  Overlord  
  51  5:54  Overlord  
  51  5:58  Queen x2  
  51  6:00  Overlord  
  53  6:08  Overlord, Pneumatized Carapace  
  51  6:13  Baneling Nest  
  50  6:20  Zergling x2  
  50  6:21  Zergling x4  
  53  6:31  Zergling x6  
  56  6:34  Queen x2  
  56  6:36  Zergling x6  
  61  6:40  Drone x2  
  59  6:58  Queen  
  61  7:01  Zergling x10  
  65  7:11  Zergling x2  
  65  7:14  Overlord  
  65  7:15  Overlord  
  66  7:26  Overlord  
  66  7:27  Overlord  
  66  7:29  Overlord  
  61  7:33  Zergling x4  
  61  7:34  Zergling x10  
  66  7:41  Zergling x4  

Tags
 
Add a new tag
Caveats
  • Supply blocks, unpowered buildings, or Contaminate may cause inaccurate times.
  • Supply counts are checked every 10 seconds.